 Dungeon Crawl Stone Soup version 0.31-a0-167-g1c394c0614 (webtiles) character file.

Game seed: 14059558799028086084

35844421 bakla the Conqueror (level 27, 137/156 HPs)
             Began as a Vine Stalker Reaver on June 13, 2023.
             Was an Elder of Wu Jian.
             Escaped with the Orb
             ... and 15 runes on June 15, 2023!
             The game lasted 04:43:00 (40921 turns).

bakla the Conqueror (Vine Stalker Reaver)          Turns: 40921, Time: 04:43:01

Health: 137/156    AC: 22    Str: 15    XL:     27
Magic:  34/45      EV: 39    Int: 25    God:    Wu Jian [****..]
Gold:   3867       SH: 20    Dex: 25    Spells: 50/60 levels left

rFire   + + .        F - +8 autumn katana {manifold assault}
rCold   + . .        S - +5 kite shield {rF+}
rNeg    + . .        R - +4 troll leather armour
rPois   .            g - +2 helmet {SInv}
rElec   .            u - scarf of Lethargy {+Inv, Regen+ Int+5}
rCorr   .            M - +2 pair of gloves {Dex+3}
SInv    +            Y - +3 pair of mountain boots {steadfast, rC+}
Will    +++..        Z - amulet of regeneration
Stlth   +++          b - ring of Moodiness {rF+ rN+ Int+3}
HPRegen 3.66/turn    V - ring of Ymoitoilaz {EV+5 Dex+3}
MPRegen 0.29/turn

%: random rage (3%), guardian spirit
@: studying 3 skills, invisible (expiring)
A: fangs 3, regeneration 1, magic shield, antimagic bite, no potion heal 2,
talons 1, berserk 1, dopey 1, frail 1, weak 1
0: Orb of Zot
}: 15/15 runes: barnacled, slimy, silver, golden, iron, obsidian, icy, bone,
abyssal, demonic, glowing, magical, fiery, dark, gossamer
a: Renounce Religion, Evoke Invisibility, Wall Jump, Serpent's Lash


You escaped.
You worshipped Wu Jian.
Wu Jian was greatly pleased with you.
You visited 18 branches of the dungeon, and saw 88 of its levels.
You visited Pandemonium 1 time, and saw 18 of its levels.
You visited the Abyss 2 times.
You also visited: Ossuary, Bailey, Gauntlet and Volcano.

You collected 6655 gold pieces.
You spent 2788 gold pieces at shops.

Inventory:

Hand Weapons
 d - a +2 vampiric quick blade
 r - a +8 rapier of electrocution
 F - the +8 autumn katana (weapon) {manifold assault}
   (You took it off a minotaur in a Gauntlet)
Missiles
 h - 6 curare-tipped darts
 w - 2 throwing nets
Armour
 g - a +2 helmet of see invisible (worn)
 u - the scarf of Lethargy (worn) {+Inv, Regen+ Int+5}
   (You found it on level 7 of Tartarus)

   Int:       It affects your intelligence (+5).
   Regen:     It increases your rate of health regeneration.
 M - a +2 pair of gloves of dexterity (worn)
 Q - the +2 pair of boots of Wutz {rElec Dex+3}
   (You bought it in a shop on level 9 of the Dungeon)

   Dex:       It affects your dexterity (+3).
   rElec:     It insulates you from electricity.
 R - a +4 troll leather armour (worn)
 S - a +5 kite shield of fire resistance (worn)
 Y - the +3 pair of mountain boots (worn) {steadfast, rC+}
   (You found it on level 5 of the Lair of Beasts)

   Steadfast: It prevents involuntary movement, except for blinking,
   teleportation, or banishment.
   rC:        It protects you from cold.
Jewellery
 a - an amulet of the acrobat
 b - the ring of Moodiness (left hand) {rF+ rN+ Int+3}
   (You found it on level 5 of the Pits of Slime)

   [ring of positive energy]

   Int:       It affects your intelligence (+3).
   rF:        It protects you from fire.
   rN:        It protects you from negative energy.
 j - a ring of resist corrosion
 k - the ring of Jumeejer {rElec EV+5 Int+3 Dex-2 SInv}
   (You found it on level 7 of Tartarus)

   [ring of evasion]

   EV:        It affects your evasion (+5).
   Int:       It affects your intelligence (+3).
   Dex:       It affects your dexterity (-2).
   rElec:     It insulates you from electricity.
   SInv:      It lets you see invisible.
 l - a ring of protection from cold
 m - the amulet of the Four Winds {rN+ Will+++ Clar}
   (You took it off an ogre mage on level 5 of the Vaults)

   [amulet of nothing]

   rN:        It protects you from negative energy.
   Clar:      It protects you from confusion, rage, mesmerisation and fear.
   Will:      It greatly increases your willpower.
 s - the ring "Cen Ojip" {EV+5 Dex+2}
   (You found it on level 7 of Tartarus)

   [ring of evasion]

   EV:        It affects your evasion (+5).
   Dex:       It affects your dexterity (+2).
 y - a ring of flight
 A - the ring "Geipodd" {Contam rElec rN++ Str+6}
   (You found it on level 7 of Tartarus)

   [ring of strength]

   Str:       It affects your strength (+6).
   rElec:     It insulates you from electricity.
   rN:        It greatly protects you from negative energy.
   Contam:    It causes magical contamination when unequipped.
 D - the ring of Ylops {+Blink Will+ EV+5}
   (You found it on level 4 of the Shoals)

   [ring of evasion]

   EV:        It affects your evasion (+5).
   +Blink:    It lets you blink.
   Will:      It increases your willpower.
 H - a ring of protection from fire
 V - the ring of Ymoitoilaz (right hand) {EV+5 Dex+3}
   (You took it off a deep elf zephyrmancer on level 3 of the Elven Halls)

   [ring of evasion]

   EV:        It affects your evasion (+5).
   Dex:       It affects your dexterity (+3).
 Z - an amulet of regeneration (around neck)
Wands
 q - a wand of digging (4)
 z - a wand of roots (57)
 C - a wand of quicksilver (32)
Scrolls
 c - 10 scrolls of fog
 I - a scroll of brand weapon
 J - 10 scrolls of poison
 L - 10 scrolls of immolation
 N - 3 scrolls of amnesia
 O - 4 scrolls of vulnerability
 T - a scroll of teleportation
 U - 4 scrolls of silence
Potions
 n - 5 potions of mutation
 o - 7 potions of attraction
 p - 24 potions of curing
 t - a potion of resistance
 v - 4 potions of cancellation
 B - 7 potions of berserk rage
 E - 5 potions of ambrosia
 G - 3 potions of brilliance
 K - 4 potions of enlightenment
 P - 5 potions of magic
 X - 8 potions of lignification
Miscellaneous
 W - a box of beasts


   Skills:
 O Level 27 Fighting
 - Level 12.0(14.0) Short Blades
 - Level 11.9(14.0) Long Blades
 - Level 15.0 Armour
 + Level 25.1 Dodging
 - Level 20.0 Stealth
 - Level 13.8 Shields
 - Level 17.0 Spellcasting
 - Level 3.0 Conjurations
 - Level 21.0 Necromancy
 - Level 21.0 Transmutations


You had 50 spell levels left.
You knew the following spells:

 Your Spells              Type           Power      Damage    Failure   Level
a - Wereblood             Tmut           90%        N/A       0%          2
b - Necromutation         Tmut/Necr      45%        N/A       6%          8

Your spell library contained the following spells:

 Spells                   Type           Power      Damage    Failure   Level
 Beastly Appendage        Tmut           100%       N/A       0%          1
 Necrotise                Necr           100%       1d9       0%          1
 Sublimation of Blood     Necr           90%        N/A       0%          2
 Vampiric Draining        Necr           90%        2d12      0%          3
 Animate Dead             Necr           90%        N/A       0%          4
 Dispel Undead            Necr           90%        3d29      0%          4
 Kiss of Death            Conj/Necr      100%       2d13      1%          1
 Magic Dart               Conj           100%       1d8       1%          1
 Sting                    Tmut/Pois      100%       1d8       1%          1
 Cigotuvi's Dreadful Rot  Necr/Pois/Air  100%       N/A       1%          2
 Passwall                 Tmut/Erth      54%        N/A       1%          2
 Ignite Poison            Fire/Tmut/Pois 54%        N/A       1%          3
 Spider Form              Tmut/Pois      65%        N/A       1%          3
 Anguish                  Hex/Necr       32%        N/A       1%          4
 Ice Form                 Ice/Tmut       65%        N/A       1%          4
 Agony                    Necr           90%        N/A       1%          5
 Alistair's Intoxication  Tmut/Pois      43%        N/A       1%          5
 Blade Hands              Tmut           45%        N/A       1%          5
 Yara's Violent Unravell  Hex/Tmut       32%        3d13      1%          5
 Death Channel            Necr           45%        N/A       1%          6
 Dragon Form              Tmut           45%        N/A       1%          7
 Shock                    Conj/Air       100%       1d9       2%          1
 Searing Ray              Conj           72%        2d7       2%          2
 Apportation              Tloc           42%        N/A       4%          1
 Sandblast                Erth           42%        2d11      4%          1
 Summon Small Mammal      Summ           84%        N/A       4%          1
 Momentum Strike          Conj/Tloc      56%        3d9       4%          2
 Static Discharge         Conj/Air       56%        2-5/arc   4%          2
 Call Imp                 Summ           42%        N/A       8%          2
 Ensorcelled Hibernation  Hex/Ice        42%        N/A       8%          2
 Lesser Beckoning         Tloc           42%        N/A       8%          2
 Poisonous Vapours        Pois/Air       42%        N/A       8%          2
 Scorch                   Fire           42%        2d6       8%          2
 Dazzling Flash           Conj/Hex       56%        N/A       9%          3
 Hailstorm                Conj/Ice       28%        3d8       9%          3
 Mephitic Cloud           Conj/Pois/Air  26%        N/A       10%         3
 Call Canine Familiar     Summ           21%        N/A       16%         3
 Frozen Ramparts          Ice            42%        1d7       16%         3
 Gell's Gravitas          Tloc           21%        N/A       16%         3
 Inner Flame              Hex/Fire       21%        N/A       16%         3
 Portal Projectile        Hex/Tloc       42%        N/A       16%         3
 Summon Guardian Golem    Hex/Summ       21%        N/A       16%         3
 Swiftness                Air            21%        N/A       16%         3
 Teleport Other           Tloc           21%        N/A       16%         3
 Tukima's Dance           Hex            21%        N/A       16%         3
 Vhi's Electric Charge    Tloc/Air       42%        N/A       16%         3
 Volatile Blastmotes      Fire/Tloc      42%        2d13      16%         3
 Fulminant Prism          Conj/Hex       14%        3d9       26%         4
 Iskenderun's Mystic Bla  Conj/Tloc      28%        2d7       26%         4
 Sticky Flame             Conj/Fire      28%        2d5       26%         4
 Iskenderun's Battlesphe  Conj           36%        2d9       38%         5
 Airstrike                Air            10%        2d(2-18)  45%         4
 Animate Armour           Summ/Erth      42%        N/A       45%         4
 Cause Fear               Hex            10%        N/A       45%         4
 Manifold Assault         Tloc           21%        N/A       45%         4
 Olgreb's Toxic Radiance  Pois           21%        N/A       45%         4
 Passage of Golubria      Tloc           21%        N/A       45%         4
 Summon Ice Beast         Ice/Summ       21%        N/A       45%         4
 Summon Lightning Spire   Summ/Air       21%        N/A       45%         4
 Arcjolt                  Conj/Air       14%        1d24      58%         5
 Freezing Cloud           Conj/Ice/Air   13%        6-21      67%         5
 Lee's Rapid Deconstruct  Erth           10%        3d8*      80%         5
 Silence                  Hex/Air        10%        N/A       80%         5
 Leda's Unmaking          Conj/Erth      14%        9d3       99%         6
 Dispersal                Tloc           10%        N/A       100%        6
 Enfeeble                 Hex            10%        N/A       100%        7
 Malign Gateway           Summ/Tloc      10%        N/A       100%        7
 Monstrous Menagerie      Summ           10%        N/A       100%        7
 Spellforged Servitor     Conj/Summ      14%        N/A       100%        7
 Ignition                 Fire           10%        3d5       100%        8
 Maxwell's Capacitive Co  Air            10%        ∞         100%        8
 Dragon's Call            Summ           10%        N/A       100%        9
 Shatter                  Erth           10%        3d12*     100%        9


Dungeon Overview and Level Annotations

Branches:
Dungeon (15/15)            Temple (1/1) D:6            Lair (5/5) D:11
 Shoals (4/4) Lair:2       Spider (4/4) Lair:3        Slime (5/5) Lair:4
    Orc (2/2) D:9             Elf (3/3) Orc:2        Vaults (5/5) D:13
  Crypt (3/3) Vaults:2       Tomb (3/3) Crypt:3      Depths (4/4) D:15
   Hell (visited)             Dis (7/7) Hell            Geh (7/7) Hell
    Coc (7/7) Hell            Tar (7/7) Hell            Zot (5/5) Depths:4
Ossuary (visited)          Bailey (visited)         Volcano (visited)
Gauntlet (visited)

Altars:
Ashenzari
Cheibriados
Dithmenos
Elyvilon
Fedhas
Gozag
Hepliaklqana
Kikubaaqudgha
Makhleb
Nemelex Xobeh
Okawaru
Qazlal
Ru
Sif Muna
Trog
Uskayaw
Vehumet
Wu Jian
Xom
Yredelemnul
Zin
The Shining One
Jiyva

Shops:
D:6 [   D:9 [   D:13 *   Orc:2 *!*?   Elf:2 =[::?   Shoals:3 [

Portals:
Hell: Lair:5 Depths:1 Depths:3
Abyss: Depths:3
Pandemonium: Depths:2
Ziggurat: Depths:1
Bazaar: Elf:3

Annotations:
D:4 1 runed translucent door, SigmundSlayer's ghost, novice DgEE
Lair:5 exclusion: oklob plant
Zot:5 exclusion: upstairs


Innate Abilities, Weirdness & Mutations

You have razor-sharp teeth.
Your natural rate of healing is unusually fast.
When hurt, damage is shared between your health and your magic reserves.
Your bite disrupts and absorbs the magic of your enemies.
Potions cannot restore your health.
You have sharp toenails.
You sometimes lose your temper in combat.
You are dopey. (Int -2)
You are frail. (-10% HP)
You are weak. (Str -2)


Message History

The demonspawn warmonger is heavily wounded.
Ifytt tramples you.
* * * LOW HITPOINT WARNING * * *
Your boots keep you from being knocked back.
You hold your ground!
The demonspawn warmonger misses you.
You block the demonspawn warmonger's attack. x2
Unknown command.
Unknown command.
Your muscles tense, ready for explosive movement...
You spin and attack Ifytt, with incredible momentum.
You hit Ifytt but do no damage.
You slice through the folds of space itself!
You hit the demonspawn warmonger. You hit the orange demon.
You bite Ifytt, but do no damage.
Ifytt is almost dead.
You spin and attack the demonspawn warmonger, with incredible momentum.
You slice the demonspawn warmonger!!
The demonspawn warmonger is severely wounded.
Unknown command.
Unknown command.
You spin and attack Ifytt, with incredible momentum.
You slice Ifytt!!
You kill Ifytt!
The Council accepts your kill.
You spin and attack the demonspawn warmonger repeatedly, with incredible momentum.
You catch the helpless demonspawn warmonger completely off-guard!
You slice the demonspawn warmonger!! You bite the demonspawn warmonger.
You kill the demonspawn warmonger!
The Council accepts your kill.
Your supernatural speed expires.
Your Dodging skill increases to level 25!
Unknown command.
Unknown command.
The orange demon screeches!
You recover from your berserk rage.
You feel less exhausted.
You flicker for a moment.
There is a fountain of clear blue water here.
There is a staircase leading out of the dungeon here.
You have escaped!

###...###..##...#.# #.#
.(###...#....#..#.# #.#
###...#.#....#..#.#########.#####
#................................
......#.#...............#########
..2...#.#..##♣♣♣.♣♣♣##......#####
......#.#..# ♣⌠♣ #..#........
.)..4..4#..♣♣♣♣♣.♣♣♣♣♣..###.##.##
2########.....⌠.@.⌠.....# #.##.##
.# #..♣♣♣♣♣.♣♣♣♣♣..###....## .#
#..# ♣⌠♣ #.......#### .#
#..##♣♣♣.♣♣♣##..#.#.## # .#
#.................#.# #
.##########.##...#...###.##.# #
2............'...+...+......# #
##############...#...#..####### #
#.............................# #


There were no monsters in sight!

Vanquished Creatures
  Cerebov (Pan)
  Antaeus (Coc:7)
  Asmodeus (Geh:7)
  Gloorx Vloq (Pan)
  the Royal Jelly (Slime:5)
  Ignacio (Pan)
  Ereshkigal (Tar:7)
  Mnoleg (Pan)
  the Serpent of Hell (Dis:7)
  9 dread liches
  Lom Lobon (Pan)
  Dispater (Dis:7)
  6 ancient liches
  Mennas (Pan)
  6 orbs of fire
  8 pandemonium lords
  2 juggernauts
  28 royal mummies
  Josephina (Depths:4)
  4 Killer Klowns
  Saint Roka (Depths:1)
  17 shard shrikes
  13 caustic shrikes
  Xtahua (Vaults:5)
  2 curse toes (Zot:5)
  9 golden dragons
  Geryon (Hell)
  7 profane servitors
  Nikola (Depths:1)
  22 bone dragons
  7 Brimstone Fiends
  22 Tzitzimimeh
  Arachne (Spider:3)
  10 doom hounds
  4 iron giants
  30 Orb Guardians
  3 electric golems
  26 Hell Sentinels
  A spectral shard shrike (Tar:3)
  3 hellephants
  13 tentacled monstrosities
  2 liches
  12 titans
  15 Ice Fiends
  19 acid blobs
  A shard shrike skeleton (Crypt:2)
  16 tainted leviathans
  8 quicksilver dragons
  19 searing wretches
  2 deep elf blademasters (Elf:3)
  A walking divine tome (Depths:4)
  16 Executioners
  Asterion (Elf:3)
  2 deep elf master archers (Elf:3)
  37 ancient champions
  A tentacled starspawn (Abyss:3)
  12 sphinxes
  9 draconian monks
  10 death cobs
  Kirke (D:12)
  7 shadow dragons
  15 storm dragons
  3 tengu reavers (Vaults:5)
  A daeva (D:13)
  A revenant (Crypt:1)
  9 rockslimes
  9 azure jellies
  9 draconian knights
  9 demonspawn warmongers
  6 ghost moths
  5 quicksilver elementals
  4 shard shrike simulacra
  5 emperor scorpions (Spider:4)
  6 narguns
  17 fire giants
  The ghost of Shayle the Spear-Bearer, a journeyman NaRe of Hepliaklqana (Orc:2)
  Louise (Spider:3)
  3 frost giants
  14 vault wardens
  5 deep elf sorcerers (Elf:3)
  A deep elf elementalist (Elf:3)
  A spectral caustic shrike (Tar:7)
  6 draconian stormcallers
  3 draconian annihilators (Zot:5)
  6 draconian scorchers
  4 iron dragons
  A spectral juggernaut (Tar:2)
  45 balrugs
  2 curse skulls (Pan)
  19 cacodemons
  2 orc warlords
  5 ironbound preservers
  8 draconian shifters
  5 angels (Pan)
  3 demonspawn blood saints (Pan)
  10 stone giants
  6 quicksilver oozes
  14 reapers
  12 very ugly things
  19 war gargoyles
  8 demonspawn corrupters (Pan)
  2 formless jellyfish
  2 broodmothers
  3 ironbound thunderhulks
  2 ophanim (Pan)
  20 elemental wellsprings
  6 deep elf demonologists
  9 apis (Pan)
  19 putrid mouths
  3 vampire knights
  7 lorocyprocas
  6 demonspawn black suns (Pan)
  8 green draconians
  4 dire elephants (Vaults:1)
  Azrael (D:13)
  5 spark wasps
  7 black draconians
  12 wendigos
  4 bennus (Tomb:3)
  10 deep elf annihilators
  8 purple draconians
  8 red draconians
  7 yellow draconians
  9 white draconians
  2 minotaurs
  10 iron golems
  5 blizzard demons
  A crystal guardian (Vaults:4)
  11 eidola
  2 fire dragons
  21 mummy priests
  11 ettins
  4 merfolk javelineers
  9 merfolk impalers
  10 green deaths
  4 entropy weavers
  A spriggan zombie (Crypt:3)
  A spectral quicksilver dragon (Tar:4)
  7 deep elf high priests
  10 great orbs of eyes
  A spectral fenstrider witch (Tar:1)
  A fenstrider witch zombie (Crypt:1)
  5 deep elf death magi
  5 spectral spriggans
  11 ice dragons
  9 yaktaur captains
  A rakshasa (Depths:1)
  34 vault guards
  A jorogumo (Spider:4)
  An elf skeleton (Pan)
  8 hydras
  2 catoblepae
  11 caustic shrike simulacra
  5 juggernaut simulacra
  The ghost of rabbitsville the Geomancer, a journeyman GrEE of Sif Muna (Lair:3)
  8 salamander tyrants
  6 hell beasts
  6 ogre magi
  2 radroaches
  2 peacekeepers (Vaults:4)
  8 centaur warriors
  A merfolk avatar (Shoals:3)
  9 ironbound frosthearts
  4 stokers
  7 boulder beetles
  A deep troll shaman (Depths:2)
  A spriggan skeleton (Crypt:3)
  21 two-headed ogres
  53 death scarabs
  2 merfolk aquamancers
  2 fenstrider witch skeletons
  A spectral stone giant (Tar:3)
  5 tengu warriors
  2 thrashing horrors (Abyss:3)
  A death yak (Lair:5)
  2 deep troll earth magi
  23 demonic crawlers
  2 vampire magi
  43 dancing weapons
  A titan zombie (Crypt:3)
  Urug (D:13)
  2 spectral dire elephants
  3 satyrs
  An orc high priest (Vaults:2)
  14 hell knights
  9 soul eaters
  47 hell hogs
  7 crystal echidnas
  18 deep elf knights
  A spectral naga (Tar:4)
  61 sun demons
  4 skysharks
  A skyshark (shapeshifter) (D:8)
  A spectral minotaur (Tar:1)
  3 iron trolls
  3 pharaoh ants
  A fire crab (Gauntlet)
  A storm dragon skeleton (Tomb:3)
  3 wretched stars (Abyss:3)
  27 shadow wraiths
  A titan skeleton (Crypt:3)
  20 sixfirhies
  5 sun moths
  2 quicksilver dragon simulacra (Coc:7)
  11 skeletal warriors
  3 flayed ghosts
  10 orb spiders
  8 deep trolls
  A spatial maelstrom (Abyss:3)
  3 sea snakes (Shoals:1)
  8 steelbarb worms
  15 wizards
  7 glowing orange brains
  2 shadow dragon zombies (Crypt:1)
  A bunyip skeleton (Abyss:3)
  3 spriggan simulacra
  2 phantasmal warriors (Depths:4)
  6 shadow demons
  10 harpies
  4 lindwurms
  11 deep elf archers
  A mana viper (shapeshifter) (Vaults:5)
  19 deep elf pyromancers
  A spectral hydra (Tar:2)
  7 necromancers
  24 deep elf zephyrmancers
  A wolf spider (shapeshifter) (Vaults:5)
  9 orc knights
  28 large abominations
  A tengu skeleton (Vaults:2)
  21 ugly things
  18 ironbound convokers
  A will-o-the-wisp (Abyss:3)
  24 wolf spiders
  5 shining eyes
  A spectral ice dragon (Tar:1)
  10 manticores
  2 orc sorcerers (D:15)
  A shadow dragon skeleton (Vaults:2)
  2 sphinx skeletons (Vaults:2)
  2 salamanders (Volcano)
  7 cyclopes
  A frost giant skeleton (Vaults:2)
  A spectral ettin (Tar:3)
  14 fauns
  3 oklob plants (Lair:4)
  A salamander (shapeshifter) (Elf:1)
  2 spectral centaurs (Tar:1)
  19 elephants
  12 rust devils
  3 stone giant skeletons (Vaults:2)
  24 moths of wrath
  3 black mambas
  14 vault sentinels
  6 human skeletons
  3 titan simulacra
  7 torpor snails
  A guardian serpent (Abyss:3)
  8 water nymphs
  5 merfolk sirens
  A centaur skeleton (D:15)
  5 gargoyles
  4 eyes of devastation
  3 molten gargoyles (Hell)
  A dire elephant skeleton (Pan)
  11 cane toads
  36 smoke demons
  20 orange demons
  3 freezing wraiths
  2 unseen horrors (D:11)
  13 yaktaurs
  5 anaconda simulacra
  A redback zombie (D:15)
  13 komodo dragons
  4 tengu conjurers
  6 rime drakes
  3 efreet (Pan)
  19 hellions
  A bunyip simulacrum (Coc:1)
  26 tormentors
  3 iron giant simulacra
  2 spectral harpies
  An ancient zyme (Abyss:3)
  15 meliai
  A golden dragon simulacrum (Coc:7)
  5 ice devils
  5 trolls
  28 guardian mummies
  6 wind drakes (Shoals:4)
  7 red devils
  2 polar bears
  21 hellwings (Pan)
  17 merfolk
  21 tarantellas
  10 dream sheep
  A shadow dragon simulacrum (Depths:4)
  24 blink frogs
  9 raiju (Abyss:3)
  2 tyrant leeches
  A guardian serpent zombie (Crypt:1)
  2 iron dragon simulacra
  A spectral swamp dragon (Tar:1)
  2 blink frogs (shapeshifter)
  84 slime creatures
  2 jumping spiders (shapeshifter)
  3 snapping turtles
  12 flying skulls
  An ettin skeleton (Pan)
  17 jumping spiders
  2 dire elephant simulacra
  3 air elementals
  21 culicivoras
  A fire dragon skeleton (Tomb:3)
  3 shadows
  A centaur simulacrum (D:15)
  19 ynoxinuls
  6 hogs (D:12)
  6 wyverns
  A deep troll skeleton (Vaults:2)
  4 fire bats
  13 water elementals
  2 wraiths (D:11)
  21 ushabtiu
  A human (shapeshifter) (Elf:3)
  58 yaks
  2 alligator snapping turtle simulacra
  A golden eye (shapeshifter) (D:13)
  3 vampires
  4 basilisks
  8 fire elementals
  3 black mamba skeletons
  9 chaos spawn
  6 steam dragons
  37 redbacks
  17 neqoxecs
  9 golden eyes
  Menkaure (D:7)
  7 vampire mosquitoes
  5 swamp worms
  11 harpy simulacra
  5 wargs
  19 hell hounds
  2 spatial vortices (Abyss:3)
  5 hydra simulacra
  15 water moccasins
  4 floating eyes
  A floating eye (shapeshifter) (Vaults:5)
  37 orc warriors
  2 black bears
  A hornet zombie (Ossuary)
  An ice beast (D:6)
  2 sky beasts
  3 glowing shapeshifter skeletons
  A fire dragon simulacrum (Hell)
  4 small abominations
  3 ettin simulacra
  29 ogres
  10 wolves
  11 starcursed masses (Abyss:3)
  12 centaurs
  2 swamp dragon skeletons
  4 kobold brigands (D:8)
  A vine stalker zombie (Crypt:2)
  10 bullfrogs
  4 scorpions
  3 naga simulacra
  A glowing shapeshifter simulacrum (Depths:4)
  A water moccasin zombie (Ossuary)
  3 killer bees (D:8)
  A queen bee zombie (Crypt:1)
  A polar bear zombie (Crypt:1)
  A swamp dragon simulacrum (Hell)
  5 electric eels
  6 howler monkeys
  A crimson imp (Pan)
  2 centaur zombies (Ossuary)
  2 quasits (Abyss:3)
  3 hounds
  5 bullfrog zombies (Ossuary)
  2 gnoll boudas (D:5)
  16 orc priests
  6 iguanas
  Ijyb (D:4)
  A black bear skeleton (Crypt:2)
  56 mummies
  25 orc wizards
  5 hell rats (Lair:3)
  A boggart zombie (D:15)
  A killer bee zombie (Ossuary)
  A boggart simulacrum (D:14)
  A howler monkey zombie (Ossuary)
  Robin (D:3)
  9 adders
  18 gnolls
  2 shadow imps
  4 white imps
  3 ufetubi
  A worm (D:4)
  4 dart slugs
  76 orcs
  3 ball pythons
  6 endoplasms
  2 giant cockroaches
  29 hobgoblins
  12 kobolds
  6 quokkas
  7 bats
  6 frilled lizards
  37 goblins
  4 rats
  2 creeping infernos
  15 fire vortices
  2 starspawn tentacles (Abyss:3)
3352 creatures vanquished.

Vanquished Creatures (collateral kills)
  An Executioner (Pan)
  A deep elf annihilator (Elf:3)
  A deep elf high priest (Elf:3)
  An ogre mage (Orc:2)
  A two-headed ogre (Orc:2)
  3 orcs
  2 hobgoblins (Bailey)
  A goblin (Bailey)
11 creatures vanquished.

Vanquished Creatures (others)
  An ancient lich (Zot:5)
  A Brimstone Fiend (Zot:2)
  A draconian knight (Zot:5)
  3 fire giants
  An emperor scorpion (Spider:4)
  A ghost moth (Zot:4)
  A balrug (Geh:4)
  A deep elf death mage (Crypt:1)
  A blizzard demon (Pan)
  A caustic shrike simulacrum (Coc:5)
  2 harpies (Shoals:4)
  A spriggan simulacrum (Coc:5)
  A deep elf zephyrmancer (Elf:3)
  2 tormentors
  A hellwing (Pan)
  A blink frog (Lair:3)
  A dire elephant simulacrum (Coc:4)
  A human (D:12)
  A harpy simulacrum (Coc:5)
  8 tentacles (Shoals:1)
31 creatures vanquished.

Grand Total: 3394 creatures vanquished

Notes
Turn   | Place    | Note
-------+----------+-------------------------------------------
     0 | D:1      | bakla the Vine Stalker Reaver began the quest for the Orb.
     0 | D:1      | Reached XP level 1. HP: 11/11 MP: 4/4
    85 | D:1      | Reached skill level 2 in Fighting
    93 | D:1      | Reached XP level 2. HP: 6/15 MP: 6/6
   191 | D:1      | Reached skill level 1 in Stealth
   587 | D:1      | Reached XP level 3. HP: 17/19 MP: 5/7
  1205 | D:2      | Gained mutation: Your natural rate of healing is unusually
                  | fast. [Vine Stalker growth]
  1205 | D:2      | Reached XP level 4. HP: 19/23 MP: 8/8
  1329 | D:2      | Found a shimmering altar of Xom.
  1756 | D:3      | Reached skill level 3 in Fighting
  1848 | D:3      | Reached XP level 5. HP: 19/28 MP: 9/9
  1854 | D:3      | Noticed Robin
  1868 | D:3      | Killed Robin
  1878 | D:3      | Found a sacrificial altar of Ru.
  2529 | D:4      | Reached XP level 6. HP: 33/33 MP: 10/10
  2529 | D:4      | Gained mutation: Your system is resistant to poisons.
                  | (rPois) [potion of mutation]
  2529 | D:4      | Gained mutation: Your magical capacity is low. (-10% MP)
                  | [potion of mutation]
  2529 | D:4      | Gained mutation: You possess an exceptional clarity of
                  | mind. [potion of mutation]
  2859 | D:4      | Found a runed translucent door.
  2861 | D:4      | Noticed SigmundSlayer's ghost (novice DgEE)
  2941 | D:4      | Noticed Ijyb
  2945 | D:4      | Killed Ijyb
  3013 | D:4      | Reached skill level 4 in Fighting
  3171 | D:4      | Noticed a black bear
  3176 | D:4      | Killed a black bear
  3756 | D:5      | Entered Level 5 of the Dungeon
  3773 | D:5      | Reached XP level 7. HP: 13/38 MP: 3/10
  3980 | D:5      | Reached skill level 5 in Fighting
  4290 | D:5      | Gained mutation: You have razor-sharp teeth. [Vine Stalker
                  | growth]
  4290 | D:5      | Reached XP level 8. HP: 15/43 MP: 4/11
  4675 | D:5      | Reached skill level 5 in Stealth
  5046 | D:6      | Found Dyhostukha's Armour Boutique.
  5073 | D:6      | Reached skill level 6 in Fighting
  5074 | D:6      | Bought a +0 buckler for 63 gold pieces
  5364 | D:6      | Found a staircase to the Ecumenical Temple.
  5381 | D:6      | Reached skill level 5 in Short Blades
  5624 | Temple   | Entered the Ecumenical Temple
  5649 | Temple   | Became a worshipper of the Wu Jian Council
  5787 | D:6      | Reached XP level 9. HP: 46/49 MP: 10/12
  6165 | D:7      | Found a glowing golden altar of the Shining One.
  6187 | D:7      | Found a flagged portal.
  6202 | Bailey   | Entered a bailey
  6224 | Bailey   | Noticed an orc knight
  6256 | Bailey   | Killed an orc knight
  6257 | Bailey   | Reached skill level 7 in Fighting
  6361 | Bailey   | Reached * piety under Wu Jian
  6427 | Bailey   | Reached skill level 5 in Dodging
  6552 | Bailey   | Reached skill level 8 in Fighting
  6634 | Bailey   | Noticed an orc warlord
  6662 | Bailey   | Killed an orc warlord
  6663 | Bailey   | Reached XP level 10. HP: 57/57 MP: 12/12
  6667 | Bailey   | Reached ** piety under Wu Jian
  6732 | Bailey   | Acquired 612 gold pieces
  6826 | D:7      | Noticed Menkaure
  6882 | D:7      | Killed Menkaure
  7336 | D:7      | Found an iron altar of Okawaru.
  7385 | D:8      | Reached skill level 9 in Fighting
  7491 | D:8      | Reached *** piety under Wu Jian
  7566 | D:8      | Found a sparkling altar of Nemelex Xobeh.
  7567 | D:8      | Found a shimmering altar of Xom.
  7610 | D:8      | Found a sand-covered staircase.
  7615 | Ossuary  | Entered an ossuary
  7897 | Ossuary  | Reached **** piety under Wu Jian
  8052 | D:8      | Reached XP level 11. HP: 60/63 MP: 13/13
  8098 | D:8      | Reached skill level 10 in Fighting
  8137 | D:8      | Noticed a cyclops
  8141 | D:8      | Killed a cyclops
  8159 | D:8      | Noticed a centaur warrior
  8358 | D:8      | Killed a centaur warrior
  8359 | D:8      | Reached skill level 10 in Stealth
  8421 | D:8      | Noticed a cyclops
  8431 | D:8      | Killed a cyclops
  8434 | D:8      | Noticed a skyshark
  8443 | D:8      | Killed a skyshark
  9034 | D:9      | Found Xyddaele's Armour Shop.
  9042 | D:9      | Bought the +2 pair of boots of Wutz {rElec Dex+3} for 522
                  | gold pieces
  9460 | D:9      | Found a staircase to the Orcish Mines.
  9610 | Orc:1    | Entered Level 1 of the Orcish Mines
  9712 | Orc:2    | Entered Level 2 of the Orcish Mines
  9712 | Orc:2    | Noticed a two-headed ogre
  9713 | Orc:2    | Killed a two-headed ogre
  9737 | Orc:1    | Reached skill level 11 in Fighting
  9779 | Orc:2    | Noticed an ogre mage
  9835 | Orc:2    | Noticed a two-headed ogre
  9835 | Orc:2    | Noticed a two-headed ogre
  9838 | Orc:2    | Noticed a two-headed ogre
  9840 | Orc:2    | Killed a two-headed ogre
  9840 | Orc:2    | Reached ***** piety under Wu Jian
  9841 | Orc:2    | Reached XP level 12. HP: 66/70 MP: 12/14
  9844 | Orc:2    | Killed an ogre mage
  9846 | Orc:2    | Killed a two-headed ogre
  9864 | Orc:2    | Killed a two-headed ogre
  9889 | Orc:2    | Noticed a two-headed ogre
  9891 | Orc:2    | Noticed a two-headed ogre
  9892 | Orc:2    | Noticed a two-headed ogre
  9892 | Orc:2    | Noticed a two-headed ogre
  9894 | Orc:2    | Noticed a two-headed ogre
  9894 | Orc:2    | Noticed a two-headed ogre
  9896 | Orc:2    | Noticed a two-headed ogre
  9901 | Orc:2    | Killed a two-headed ogre
  9901 | Orc:2    | Killed a two-headed ogre
  9903 | Orc:2    | Noticed a two-headed ogre
  9905 | Orc:2    | Killed a two-headed ogre
  9910 | Orc:2    | Killed a two-headed ogre
  9911 | Orc:2    | Reached skill level 12 in Fighting
  9911 | Orc:2    | Killed a two-headed ogre
  9914 | Orc:2    | Killed a two-headed ogre
  9919 | Orc:2    | Killed a two-headed ogre
  9923 | Orc:2    | Noticed an ogre mage
  9925 | Orc:2    | Noticed a two-headed ogre
  9926 | Orc:2    | Killed an ogre mage
  9926 | Orc:2    | Noticed a two-headed ogre
  9933 | Orc:2    | Noticed an ogre mage
  9935 | Orc:2    | Noticed an ogre mage
  9935 | Orc:2    | Killed a two-headed ogre
  9936 | Orc:2    | Noticed an ogre mage
  9937 | Orc:2    | Killed a two-headed ogre
  9938 | Orc:2    | Killed an ogre mage
  9939 | Orc:2    | Reached XP level 13. HP: 67/76 MP: 13/15
  9960 | Orc:2    | Reached skill level 13 in Fighting
  9975 | Orc:2    | Found Tizet's Distillery.
  9975 | Orc:2    | Found Ozuschui's Magic Scroll Shop.
  9975 | Orc:2    | Found Noeffef's Assorted Antiques.
  9975 | Orc:2    | Found Jyhaofuss's General Store.
  9984 | Orc:2    | Bought a scroll of enchant armour for 120 gold pieces
  9984 | Orc:2    | Bought a scroll of blinking for 120 gold pieces
  9985 | Orc:2    | Bought a potion of mutation for 128 gold pieces
  9985 | Orc:2    | Bought a potion of mutation for 128 gold pieces
 10007 | Orc:2    | Found a runed translucent door.
 10010 | Orc:2    | Noticed Shayle's ghost (journeyman NaRe)
 10026 | Orc:2    | Killed Shayle's ghost
 10112 | Orc:2    | Found a staircase to the Elven Halls.
 10416 | Orc:2    | Bought a scroll of enchant armour for 210 gold pieces
 10686 | D:10     | Entered Level 10 of the Dungeon
 11348 | D:10     | Found a shadowy altar of Dithmenos.
 11697 | D:11     | Found a staircase to the Lair.
 11731 | D:11     | Reached skill level 10 in Short Blades
 12239 | Lair:1   | Entered Level 1 of the Lair of Beasts
 12561 | Lair:1   | Reached XP level 14. HP: 74/83 MP: 13/16
 13028 | Lair:2   | Found a dark tunnel.
 13033 | Volcano  | Entered a volcano
 13561 | Lair:2   | Reached skill level 14 in Fighting
 13759 | Lair:2   | Found a staircase to the Shoals.
 14154 | Lair:3   | Reached skill level 10 in Dodging
 14324 | Lair:3   | Noticed rabbitsville's ghost (journeyman GrEE)
 14350 | Lair:3   | You fall into a shaft and drop 2 floors!
 14350 | Lair:5   | Entered Level 5 of the Lair of Beasts
 14405 | Lair:5   | Reached skill level 15 in Stealth
 14454 | Lair:5   | Reached XP level 15. HP: 88/88 MP: 17/17
 14572 | Lair:5   | Found a blossoming altar of Fedhas.
 14854 | Lair:5   | Reached ****** piety under Wu Jian
 15076 | Lair:5   | Found a burning altar of Makhleb.
 15123 | Lair:5   | Found a gateway to Hell.
 15123 | Lair:5   | Found the +3 pair of mountain boots {steadfast, rC+}
 15130 | Lair:5   | Identified the +3 ring mail "Hyriaff" {Harm Drain rC- SInv}
 15576 | Lair:4   | Reached skill level 1 in Long Blades
 15775 | Lair:4   | Found a viscous altar of Jiyva.
 15838 | Lair:4   | Reached skill level 15 in Fighting
 16564 | Lair:3   | Found a runed translucent gate.
 16564 | Lair:3   | Found a runed translucent gate.
 16564 | Lair:3   | Found a runed translucent gate.
 16584 | Lair:3   | Killed rabbitsville's ghost
 16732 | Lair:3   | Found a hole to the Spider Nest.
 16892 | Spider:1 | Entered Level 1 of the Spider Nest
 17258 | Spider:3 | Noticed Arachne
 17266 | Spider:3 | Reached XP level 16. HP: 19/95 MP: 18/18
 17282 | Spider:3 | Killed Arachne
 17327 | Spider:3 | Noticed Louise
 17332 | Spider:3 | Killed Louise
 17362 | Spider:4 | Entered Level 4 of the Spider Nest
 17376 | Spider:4 | Reached skill level 5 in Long Blades
 17519 | Spider:4 | Identified the +4 falchion of Eternal Vigilance {spect,
                  | Fly}
 17547 | Spider:4 | Learned a level 2 spell: Wereblood
 17714 | Spider:4 | Reached skill level 16 in Fighting
 17978 | Spider:4 | Reached XP level 17. HP: 85/100 MP: 19/19
 17987 | Spider:4 | Identified the +2 hat of Servitude {rPois rC- Str+3 Int+2}
 18022 | Spider:4 | Got a gossamer rune of Zot
 18785 | Shoals:1 | Entered Level 1 of the Shoals
 18911 | Shoals:1 | Reached skill level 1 in Transmutations
 18978 | Shoals:2 | You fall into a shaft and drop 1 floor!
 19033 | Shoals:4 | Entered Level 4 of the Shoals
 19104 | Shoals:4 | Identified the +4 battleaxe "Emnuyruf" {speed, *Corrode
                  | rF++ Will+ Dex+3}
 19148 | Shoals:4 | Identified the ring of Ylops {+Blink Will+ EV+5}
 19165 | Shoals:4 | Got a barnacled rune of Zot
 19401 | Shoals:3 | Found Ibom's Armour Shop.
 19436 | Shoals:3 | Reached XP level 18. HP: 105/107 MP: 22/22
 19553 | Shoals:1 | Identified the ring of the Fool {rElec rC+ Str+7 Int-5
                  | Dex+3}
 19789 | Elf:1    | Entered Level 1 of the Elven Halls
 19876 | Elf:1    | Found the +10 tower shield of Ignorance {rN+ Int-4}
 19883 | Elf:1    | Identified the staff of earth "Paets" {rN+ Int+2 Dex+3}
 19969 | Elf:1    | Reached skill level 5 in Spellcasting
 20076 | Elf:2    | Found Lephyoh's Magic Scroll Shoppe.
 20076 | Elf:2    | Found Fifof's Armour Emporium.
 20078 | Elf:2    | Found Uwaon's Book Shoppe.
 20080 | Elf:2    | Found Teomeucw's Book Emporium.
 20096 | Elf:2    | Bought a scroll of blinking for 135 gold pieces
 20096 | Elf:2    | Bought a scroll of fog for 72 gold pieces
 20097 | Elf:2    | Reached skill level 17 in Fighting
 20314 | Elf:2    | Found a runed translucent gate.
 20315 | Elf:2    | Reached skill level 5 in Transmutations
 20315 | Elf:2    | Found a runed translucent gate.
 20315 | Elf:2    | Found a runed translucent gate.
 20459 | Elf:2    | Found Fyloiq's Jewellery Boutique.
 20476 | Elf:2    | Bought a +6 ring of dexterity for 540 gold pieces
 20516 | Elf:3    | Entered Level 3 of the Elven Halls
 20570 | Elf:3    | Found a gateway to a bazaar.
 20713 | Elf:3    | Reached XP level 19. HP: 110/112 MP: 22/24
 20713 | Elf:3    | Noticed Asterion
 20723 | Elf:3    | Killed Asterion
 20723 | Elf:3    | Reached skill level 10 in Long Blades
 20729 | Abyss:3  | Cast into level 3 of the Abyss (+1 trident of distortion)
 20787 | Elf:3    | Escaped the Abyss
 21321 | Elf:3    | Found a shimmering altar of Xom.
 21489 | Elf:3    | Reached skill level 18 in Fighting
 21499 | Elf:3    | Identified the +9 war axe "Lorem Ipsum" {flame, rPois rF+
                  | rCorr}
 21504 | Elf:3    | Identified the +5 spear of Perfectionism {heavy, rPois rC+
                  | Int+2 SInv}
 21551 | Elf:3    | Identified the ring of Ymoitoilaz {EV+5 Dex+3}
 21614 | Elf:3    | Got Sif Muna's Folio of Bewitchment and Darkness
 21702 | Elf:3    | Identified the -2 pair of boots of the Irksome God {+Blink
                  | rCorr}
 21710 | Elf:3    | Identified the staff of fire "Puiruobli" {rElec rF+ Will++
                  | rCorr Str-2}
 21905 | D:12     | Noticed Kirke
 21922 | D:12     | Killed Kirke
 22051 | D:12     | You fall into a shaft and drop 1 floor!
 22051 | D:13     | Found a sacrificial altar of Ru.
 22053 | D:13     | Found Kuhesyon's General Store.
 22061 | D:13     | Bought a potion of resistance for 150 gold pieces
 22061 | D:13     | Bought a phantom mirror for 600 gold pieces
 22105 | D:13     | Noticed Azrael
 22120 | D:13     | Killed Azrael
 22215 | D:13     | Found a gate to the Vaults.
 22245 | D:13     | Noticed Urug
 22247 | D:13     | Killed Urug
 22307 | Vaults:1 | Entered Level 1 of the Vaults
 22499 | Vaults:1 | Reached skill level 15 in Dodging
 22537 | Vaults:1 | Reached XP level 20. HP: 106/120 MP: 23/25
 23005 | Vaults:4 | Reached skill level 19 in Fighting
 23193 | Vaults:5 | Entered Level 5 of the Vaults
 23297 | Vaults:5 | Noticed an ancient lich
 23304 | Vaults:5 | Killed an ancient lich
 23307 | Vaults:5 | Reached XP level 21. HP: 126/126 MP: 30/30
 23329 | Vaults:5 | Identified the ring of Knowledge {rF+ Str+6}
 23345 | Vaults:5 | Got the Anthology of the Anticline
 23424 | Vaults:5 | Identified the ring "Sotiuruwn" {Fire rPois Str+4 Stlth-}
 23428 | Vaults:5 | Noticed a golden dragon
 23439 | Vaults:5 | Killed a golden dragon
 23450 | Vaults:5 | Acquired an amulet of regeneration
 23451 | Vaults:5 | Acquired a manual of Spellcasting
 23631 | Vaults:5 | Reached skill level 1 in Necromancy
 23637 | Vaults:5 | Reached skill level 10 in Spellcasting
 23639 | Vaults:5 | Got the Encyclopedia of the Mortuary
 23715 | Vaults:5 | Identified the staff of fire "Zupamu" {+Blink rF+ rC+
                  | Str+2}
 23784 | Vaults:5 | Noticed Xtahua
 23796 | Vaults:5 | Killed Xtahua
 23803 | Vaults:5 | Reached skill level 10 in Transmutations
 23805 | Vaults:5 | Identified the +8 mace "Obafuy" {freeze, Str+5}
 23835 | Vaults:5 | Got the Codex of the Buccaneer
 23840 | Vaults:5 | Got Cuocez's Compendium of the Cure and the Coals
 23976 | Vaults:5 | Got a silver rune of Zot
 24007 | Vaults:5 | Identified the +1 scimitar "Agrowint" {flame, rCorr}
 24027 | Vaults:5 | Got the Quarto of Flammable Attendants
 24449 | D:14     | Found a gate leading to a gauntlet.
 24458 | Gauntlet | Entered a Gauntlet
 24458 | Gauntlet | Found a large runed translucent door.
 24458 | Gauntlet | Found a large runed translucent door.
 24458 | Gauntlet | Found a large runed translucent door.
 24458 | Gauntlet | Found a large runed translucent door.
 24458 | Gauntlet | Found a large runed translucent door.
 24458 | Gauntlet | Found a large runed translucent door.
 24458 | Gauntlet | Found a large runed translucent door.
 24458 | Gauntlet | Found a large runed translucent door.
 24458 | Gauntlet | Found a runed translucent door.
 24458 | Gauntlet | Found a runed translucent gate.
 24458 | Gauntlet | Found a transporter.
 24458 | Gauntlet | Found a transporter.
 24458 | Gauntlet | Found a runed translucent gate.
 24458 | Gauntlet | Found a transporter.
 24458 | Gauntlet | Found a transporter.
 24462 | Gauntlet | Found a transporter.
 24472 | Gauntlet | Found a transporter.
 24473 | Gauntlet | Found a transporter.
 24480 | Gauntlet | Found a runed translucent gate.
 24482 | Gauntlet | Found a large runed translucent door.
 24482 | Gauntlet | Found a large runed translucent door.
 24483 | Gauntlet | Found a large runed translucent door.
 24484 | Gauntlet | Found a large runed translucent door.
 24501 | Gauntlet | Found a runed translucent door.
 24502 | Gauntlet | Found a large runed translucent door.
 24502 | Gauntlet | Found a large runed translucent door.
 24503 | Gauntlet | Found a large runed translucent door.
 24504 | Gauntlet | Found a large runed translucent door.
 24508 | Gauntlet | Found a transporter.
 24518 | Gauntlet | Found a transporter.
 24534 | Gauntlet | Found a transporter.
 24544 | Gauntlet | Found a transporter.
 24559 | Gauntlet | Found a transporter.
 24646 | Gauntlet | Reached skill level 1 in Armour
 24722 | D:15     | Entered Level 15 of the Dungeon
 24840 | D:15     | Found a frozen archway.
 24976 | D:15     | Found a staircase to the Depths.
 24986 | Depths:1 | Entered Level 1 of the Depths
 25016 | Depths:1 | Noticed Saint Roka
 25034 | Depths:1 | Killed Saint Roka
 25035 | Depths:1 | Reached skill level 5 in Necromancy
 25041 | Depths:1 | Noticed Nikola
 25054 | Depths:1 | Killed Nikola
 25088 | Depths:1 | Found a one-way gateway to a ziggurat.
 25453 | Depths:2 | Reached XP level 22. HP: 130/130 MP: 35/35
 25468 | Depths:2 | Identified the ring "Lufuss" {Ice rPois rCorr Dex+4}
 25672 | Depths:2 | Noticed a juggernaut
 25695 | Depths:2 | Killed a juggernaut
 25720 | Depths:2 | Found a one-way gate leading to the halls of Pandemonium.
 25730 | Pan      | Entered Pandemonium
 25883 | Pan      | Noticed Sicesiymp the pandemonium lord
 25892 | Pan      | Killed Sicesiymp the pandemonium lord
 25955 | Pan      | Noticed Paneugum the pandemonium lord
 25956 | Pan      | Noticed a golden dragon
 25958 | Pan      | Noticed a golden dragon
 26062 | Pan      | Found an exit through the horrors of the Abyss.
 26091 | Pan      | Noticed Rierag the pandemonium lord
 26099 | Pan      | Killed Rierag the pandemonium lord
 26122 | Pan      | Reached skill level 15 in Spellcasting
 26137 | Pan      | Found a runed translucent door.
 26147 | Pan      | Got a demonic rune of Zot
 26294 | Pan      | Found an exit through the horrors of the Abyss.
 26296 | Pan      | Noticed Ignacio
 26335 | Pan      | Killed Ignacio
 26493 | Pan      | Reached XP level 23. HP: 83/135 MP: 21/39
 26509 | Pan      | Noticed Feckuoqi the pandemonium lord
 26518 | Pan      | Killed Feckuoqi the pandemonium lord
 26684 | Pan      | Reached skill level 10 in Necromancy
 26806 | Pan      | Entered the realm of Mnoleg.
 26853 | Pan      | Lost mutation: Your system is resistant to poisons. (rPois)
                  | [a cacodemon]
 26874 | Pan      | Noticed Mnoleg
 26878 | Pan      | Gained mutation: Your magical capacity is very low. (-20%
                  | MP) [a shining eye]
 26880 | Pan      | Gained mutation: You are dopey. (Int -2) [a shining eye]
 26884 | Pan      | Killed Mnoleg
 26886 | Pan      | Gained mutation: You are frail. (-10% HP) [a neqoxec]
 26934 | Pan      | Noticed Mennas
 26944 | Pan      | Killed Mennas
 26948 | Pan      | Identified the +0 leather armour of Happiness {rN+ Dex+3
                  | Stlth+}
 26980 | Pan      | Got a glowing rune of Zot
 27008 | Pan      | Lost mutation: You possess an exceptional clarity of mind.
                  | [a cacodemon]
 27121 | Pan      | Identified the +12 mace of Tenacity {freeze, Fragile Int+2
                  | SInv}
 27201 | Pan      | Reached skill level 15 in Transmutations
 27369 | Pan      | Entered the realm of Cerebov.
 27416 | Pan      | Reached skill level 1 in Shields
 27627 | Pan      | Lost mutation: You are dopey. (Int -2) [potion of mutation]
 27627 | Pan      | Lost mutation: Your magical capacity is very low. (-20% MP)
                  | [potion of mutation]
 27627 | Pan      | Lost mutation: You are frail. (-10% HP) [potion of
                  | mutation]
 27627 | Pan      | Gained mutation: Your system is resistant to poisons.
                  | (rPois) [potion of mutation]
 27627 | Pan      | Lost mutation: Your system is resistant to poisons. (rPois)
                  | [potion of mutation]
 27627 | Pan      | Gained mutation: You occasionally shout uncontrollably at
                  | your foes. [potion of mutation]
 27629 | Pan      | Lost mutation: Your magical capacity is low. (-10% MP)
                  | [potion of mutation]
 27629 | Pan      | Lost mutation: You occasionally shout uncontrollably at
                  | your foes. [potion of mutation]
 27629 | Pan      | Gained mutation: You are frail. (-10% HP) [potion of
                  | mutation]
 27630 | Pan      | Lost mutation: You are frail. (-10% HP) [potion of
                  | mutation]
 27630 | Pan      | Gained mutation: You are partially covered in iridescent
                  | scales. (AC +2) [potion of mutation]
 27630 | Pan      | Gained mutation: You are weak. (Str -2) [potion of
                  | mutation]
 27630 | Pan      | Gained mutation: Your magical capacity is low. (-10% MP)
                  | [potion of mutation]
 27630 | Pan      | Gained mutation: You have sharp toenails. [potion of
                  | mutation]
 27631 | Pan      | Lost mutation: Your magical capacity is low. (-10% MP)
                  | [potion of mutation]
 27631 | Pan      | Lost mutation: You are partially covered in iridescent
                  | scales. (AC +2) [potion of mutation]
 27653 | Pan      | Identified the ring of the Bouncing Visions {Str+6 Slay+6}
 27682 | Pan      | Reached skill level 5 in Shields
 27682 | Pan      | Reached XP level 24. HP: 110/140 MP: 39/44
 27683 | Pan      | Identified the ring of Jeag {Ice rElec Int+5 Dex+3}
 27691 | Pan      | Identified the +1 troll leather armour "Teannin" {rElec rC-
                  | Regen+ Str-2 Int+7}
 27700 | Pan      | Found the +6 sword of Cerebov {flame}
 27700 | Pan      | Noticed Cerebov
 27717 | Pan      | Killed Cerebov
 27719 | Pan      | Identified the ring "Duakkosy" {rF+ Slay+3}
 27734 | Pan      | Identified the +9 executioner's axe of Forrowea {flame,
                  | rElec Int+3}
 27774 | Pan      | Got Sif Muna's Anthology of Rationality
 27803 | Pan      | Got a fiery rune of Zot
 27946 | Pan      | Entered the realm of Gloorx Vloq.
 28064 | Pan      | Noticed Gloorx Vloq
 28074 | Pan      | Killed Gloorx Vloq
 28077 | Pan      | Reached skill level 10 in Shields
 28086 | Pan      | Got a dark rune of Zot
 28158 | Pan      | Found a runed translucent door.
 28161 | Pan      | Found a runed translucent door.
 28164 | Pan      | Found a runed translucent door.
 28167 | Pan      | Noticed Alaukar the pandemonium lord
 28207 | Pan      | Killed Alaukar the pandemonium lord
 28218 | Pan      | Found a runed translucent door.
 28242 | Pan      | Entered the realm of Lom Lobon.
 28313 | Pan      | Noticed Lom Lobon
 28338 | Pan      | Killed Lom Lobon
 28398 | Pan      | Got a magical rune of Zot
 28532 | Pan      | Found an exit through the horrors of the Abyss.
 28650 | Pan      | Took an exit into the Abyss.
 28650 | Abyss:3  | Escaped into the Abyss
 28879 | Abyss:3  | Reached XP level 25. HP: 144/144 MP: 41/44
 28900 | Abyss:3  | Got an abyssal rune of Zot
 28907 | Abyss:3  | Noticed a dread lich
 28916 | Abyss:3  | Killed a dread lich
 28921 | Depths:2 | Escaped the Abyss
 28931 | Depths:2 | Learned a level 8 spell: Necromutation
 29374 | Lair:4   | Found a staircase to the Slime Pits.
 29390 | Slime:1  | Entered Level 1 of the Pits of Slime
 29512 | Slime:5  | Entered Level 5 of the Pits of Slime
 29514 | Slime:5  | Paralysed by a floating eye for 2 turns
 29532 | Slime:5  | Noticed the Royal Jelly
 29585 | Slime:5  | Killed the Royal Jelly
 29657 | Slime:5  | Identified the +2 short sword "Orb Guardian's Regret"
                  | {flame, rPois}
 29685 | Slime:5  | Got a slimy rune of Zot
 29688 | Slime:5  | Identified the ring of Moodiness {rF+ rN+ Int+3}
 29706 | Slime:5  | Identified the orb of Omission {*Rage, rElec rPois rF-
                  | Str+5}
 30196 | Depths:1 | Upgraded the game from 0.31-a0-164-g2312942fda to
                  | 0.31-a0-167-g1c394c0614
 30202 | Hell     | Entered the Vestibule of Hell
 30202 | Hell     | Noticed Geryon
 30255 | Hell     | Found a gateway to the Iron City of Dis.
 30279 | Hell     | Killed Geryon
 30296 | Dis:1    | Entered Level 1 of the Iron City of Dis
 30398 | Dis:2    | Reached XP level 26. HP: 145/147 MP: 45/45
 30424 | Dis:3    | Reached skill level 15 in Necromancy
 30586 | Dis:6    | HP: 7/150 [caustic shrike (16)]
 30637 | Dis:7    | Entered Level 7 of the Iron City of Dis
 30688 | Dis:7    | Noticed a dread lich
 30689 | Dis:7    | Killed a dread lich
 30988 | Dis:7    | Reached XP level 27. HP: 89/154 MP: 37/45
 30998 | Dis:7    | Noticed the Serpent of Hell
 31009 | Dis:7    | Killed the Serpent of Hell
 31082 | Dis:7    | Noticed a juggernaut
 31083 | Dis:7    | Noticed Dispater
 31091 | Dis:7    | Killed a juggernaut
 31098 | Dis:7    | Killed Dispater
 31118 | Dis:7    | Found the +6 Majin-Bo {spellvamp, MP+6 Int+6}
 31119 | Dis:7    | Found the +10 Black Knight's barding {ponderous, rPois rN+}
 31126 | Dis:7    | Got an iron rune of Zot
 31281 | Hell     | Found a gateway to the freezing wastes of Cocytus.
 31313 | Hell     | Paralysed by a wendigo for 1 turns
 31318 | Coc:1    | Entered Level 1 of Cocytus
 31790 | Coc:7    | Entered Level 7 of Cocytus
 31950 | Coc:7    | Paralysed by a wendigo for 1 turns
 32048 | Coc:7    | Noticed Antaeus
 32091 | Coc:7    | Killed Antaeus
 32108 | Coc:7    | Got an icy rune of Zot
 32126 | Coc:7    | Identified the +1 long sword of Okawaru's Fury {antimagic,
                  | Dex+5}
 32143 | Coc:7    | Paralysed by a wendigo for 1 turns
 32346 | Hell     | Found a gateway to the decaying netherworld of Tartarus.
 32391 | Tar:1    | Entered Level 1 of Tartarus
 32450 | Tar:1    | Reached skill level 20 in Fighting
 32558 | Tar:2    | Noticed a dread lich
 32567 | Tar:2    | Killed a dread lich
 32822 | Tar:4    | Noticed an ancient lich
 32866 | Tar:4    | Reached skill level 21 in Fighting
 32866 | Tar:4    | Killed an ancient lich
 33132 | Tar:5    | Reached skill level 22 in Fighting
 33173 | Tar:6    | Reached skill level 5 in Armour
 33257 | Tar:7    | Entered Level 7 of Tartarus
 33362 | Tar:7    | Noticed a dread lich
 33364 | Tar:7    | Noticed an ancient lich
 33364 | Tar:7    | Noticed an ancient lich
 33379 | Tar:7    | Paralysed by a dread lich for 5 turns
 33392 | Tar:7    | Paralysed by a dread lich for 2 turns
 33394 | Tar:7    | Killed a dread lich
 33395 | Tar:7    | Killed an ancient lich
 33395 | Tar:7    | Killed an ancient lich
 33428 | Tar:7    | Found the +15 Maxwell's patent armour {-Cast -Tele rElec
                  | Will+ rCorr}
 33455 | Tar:7    | Identified the ring of Jumeejer {rElec EV+5 Int+3 Dex-2
                  | SInv}
 33477 | Tar:7    | Identified the +1 war axe of Inquiry {venom, rElec rF+
                  | Dex+4}
 33675 | Tar:7    | Identified the ring "Cen Ojip" {EV+5 Dex+2}
 33680 | Tar:7    | Identified the scarf of Lethargy {+Inv, Regen+ Int+5}
 33761 | Tar:7    | Reached skill level 10 in Armour
 33795 | Tar:7    | Noticed Ereshkigal
 33807 | Tar:7    | Killed Ereshkigal
 33824 | Tar:7    | Got a bone rune of Zot
 34031 | Tar:7    | Found the +8 mithril axe "Arga" {speed, Will+}
 34036 | Tar:7    | Identified the +0 chain mail "Ciresoz" {rElec rF- Int+3}
 34039 | Tar:7    | Got the Tome of the Wayfarer
 34043 | Tar:7    | Identified the ring "Geipodd" {Contam rElec rN++ Str+6}
 34126 | Hell     | Found a gateway to the ashen valley of Gehenna.
 34152 | Geh:1    | Entered Level 1 of Gehenna
 34478 | Geh:4    | Noticed a dread lich
 34491 | Geh:4    | Killed a dread lich
 34658 | Geh:6    | Reached skill level 15 in Armour
 34730 | Geh:7    | Entered Level 7 of Gehenna
 35200 | Geh:7    | Found the +13 sceptre of Asmodeus
 35200 | Geh:7    | Noticed Asmodeus
 35217 | Geh:7    | Killed Asmodeus
 35240 | Geh:7    | Got an obsidian rune of Zot
 35498 | Depths:1 | Paralysed by a floating eye for 4 turns
 35506 | Depths:1 | Paralysed by a floating eye for 3 turns
 35508 | Depths:1 | Gained mutation: You are frail. (-10% HP) [a shining eye]
 35515 | Depths:1 | Lost mutation: You are frail. (-10% HP) [potion of
                  | mutation]
 35515 | Depths:1 | Lost mutation: You are weak. (Str -2) [potion of mutation]
 35515 | Depths:1 | Lost mutation: You have sharp toenails. [potion of
                  | mutation]
 35515 | Depths:1 | Gained mutation: You are dopey. (Int -2) [potion of
                  | mutation]
 35516 | Depths:1 | Lost mutation: You are dopey. (Int -2) [potion of mutation]
 35516 | Depths:1 | Gained mutation: You expend magic power (3 MP) to
                  | strengthen your wands. [potion of mutation]
 35516 | Depths:1 | Gained mutation: Your spells are a little easier to cast,
                  | but a little less powerful. [potion of mutation]
 35517 | Depths:1 | Lost mutation: Your spells are a little easier to cast, but
                  | a little less powerful. [potion of mutation]
 35517 | Depths:1 | Lost mutation: You expend magic power (3 MP) to strengthen
                  | your wands. [potion of mutation]
 35517 | Depths:1 | Gained mutation: You are vulnerable to cold. (rC-) [potion
                  | of mutation]
 35517 | Depths:1 | Gained mutation: You possess an exceptional clarity of
                  | mind. [potion of mutation]
 35518 | Depths:1 | Lost mutation: You are vulnerable to cold. (rC-) [potion of
                  | mutation]
 35518 | Depths:1 | Lost mutation: You possess an exceptional clarity of mind.
                  | [potion of mutation]
 35518 | Depths:1 | Gained mutation: You have sharp toenails. [potion of
                  | mutation]
 36226 | Vaults:2 | Reached skill level 23 in Fighting
 36707 | Vaults:2 | Found a staircase to the Crypt.
 36720 | Crypt:1  | Entered Level 1 of the Crypt
 36834 | Crypt:3  | Entered Level 3 of the Crypt
 37048 | Crypt:3  | Found a staircase to the Tomb.
 37049 | Crypt:3  | Found the +13 scythe of Curses {drain, curses, Drain}
 37092 | Tomb:1   | Entered Level 1 of the Tomb of the Ancients
 37223 | Tomb:1   | Noticed a royal mummy
 37244 | Tomb:1   | Killed a royal mummy
 37309 | Tomb:2   | Noticed a royal mummy
 37309 | Tomb:2   | Noticed a royal mummy
 37311 | Tomb:2   | Noticed a royal mummy
 37312 | Tomb:2   | Noticed a royal mummy
 37323 | Tomb:2   | Killed a royal mummy
 37331 | Tomb:2   | Reached skill level 24 in Fighting
 37342 | Tomb:2   | Killed a royal mummy
 37343 | Tomb:2   | Killed a royal mummy
 37344 | Tomb:2   | Killed a royal mummy
 37468 | Tomb:1   | Noticed a royal mummy
 37473 | Tomb:1   | Noticed a royal mummy
 37474 | Tomb:1   | Noticed a royal mummy
 37488 | Tomb:1   | Killed a royal mummy
 37489 | Tomb:1   | Killed a royal mummy
 37496 | Tomb:1   | Killed a royal mummy
 37503 | Tomb:1   | Noticed a royal mummy
 37503 | Tomb:1   | Noticed a royal mummy
 37527 | Tomb:2   | Killed a royal mummy
 37562 | Tomb:1   | Killed a royal mummy
 37569 | Tomb:1   | Noticed a royal mummy
 37579 | Tomb:1   | Noticed a royal mummy
 37583 | Tomb:1   | Noticed a royal mummy
 37585 | Tomb:1   | Killed a royal mummy
 37591 | Tomb:1   | Killed a royal mummy
 37601 | Tomb:1   | Killed a royal mummy
 37622 | Tomb:1   | Noticed a royal mummy
 37632 | Tomb:1   | Killed a royal mummy
 37664 | Tomb:1   | Noticed a royal mummy
 37673 | Tomb:1   | Noticed a royal mummy
 37679 | Tomb:1   | Killed a royal mummy
 37689 | Tomb:1   | Killed a royal mummy
 37709 | Tomb:1   | Noticed a royal mummy
 37730 | Tomb:1   | Killed a royal mummy
 37752 | Tomb:1   | Noticed a royal mummy
 37767 | Tomb:1   | Killed a royal mummy
 37786 | Tomb:1   | Noticed a royal mummy
 37793 | Tomb:1   | Killed a royal mummy
 37895 | Tomb:3   | Entered Level 3 of the Tomb of the Ancients
 37905 | Tomb:3   | Found the +3 Elemental Staff {rElec rF+ rC+ AC+3}
 37940 | Tomb:3   | Noticed a royal mummy
 37969 | Tomb:3   | Noticed a royal mummy
 37976 | Tomb:3   | Killed a royal mummy
 37977 | Tomb:3   | Killed a royal mummy
 37979 | Tomb:3   | Noticed a royal mummy
 37987 | Tomb:3   | Killed a royal mummy
 37992 | Tomb:3   | Noticed a royal mummy
 37992 | Tomb:3   | Noticed a royal mummy
 37993 | Tomb:3   | Noticed a royal mummy
 37999 | Tomb:3   | Reached skill level 25 in Fighting
 38006 | Tomb:3   | Killed a royal mummy
 38010 | Tomb:3   | Killed a royal mummy
 38014 | Tomb:3   | Killed a royal mummy
 38016 | Tomb:3   | Noticed a royal mummy
 38028 | Tomb:3   | Killed a royal mummy
 38035 | Tomb:3   | Noticed a royal mummy
 38044 | Tomb:3   | Killed a royal mummy
 38048 | Tomb:3   | Noticed a royal mummy
 38055 | Tomb:3   | Killed a royal mummy
 38078 | Tomb:3   | Got a golden rune of Zot
 39216 | Depths:3 | Found a one-way gate to the infinite horrors of the Abyss.
 39290 | Depths:4 | Entered Level 4 of the Depths
 39290 | Depths:4 | Identified the staff of cold "Noiq" {*Corrode rPois rC+
                  | Dex+2}
 39290 | Depths:4 | Identified the ring of Propriety {Ice Int+3}
 39290 | Depths:4 | Noticed Josephina
 39299 | Depths:4 | Killed Josephina
 39373 | Depths:4 | Found a gate to the Realm of Zot.
 39377 | Depths:4 | Reached skill level 26 in Fighting
 39385 | Zot:1    | Entered Level 1 of the Realm of Zot
 39662 | Zot:4    | Reached skill level 27 in Fighting
 39766 | Zot:5    | Entered Level 5 of the Realm of Zot
 39840 | Zot:5    | Noticed an orb of fire
 39841 | Zot:5    | Gained mutation: You sometimes lose your temper in combat.
                  | [an orb of fire]
 39849 | Zot:5    | Killed an orb of fire
 39877 | Zot:5    | Noticed an ancient lich
 39881 | Zot:5    | Killed an ancient lich
 39882 | Zot:5    | Noticed an ancient lich
 39889 | Zot:5    | Noticed an orb of fire
 39890 | Zot:5    | Killed an orb of fire
 39897 | Zot:5    | Noticed a dread lich
 39898 | Zot:5    | Noticed a dread lich
 39907 | Zot:5    | Killed a dread lich
 39911 | Zot:5    | Killed a dread lich
 39914 | Zot:5    | Noticed a dread lich
 39920 | Zot:5    | Killed a dread lich
 39939 | Zot:5    | Killed an ancient lich
 39979 | Zot:5    | Noticed an orb of fire
 39980 | Zot:5    | Got the Orb of Zot
 39981 | Zot:5    | Noticed an orb of fire
 39981 | Zot:5    | Noticed a dread lich
 39983 | Zot:5    | Gained mutation: You are dopey. (Int -2) [an orb of fire]
 39984 | Zot:5    | Noticed an ancient lich
 39987 | Zot:5    | Noticed an orb of fire
 39987 | Zot:5    | Killed an orb of fire
 39989 | Zot:5    | Killed a dread lich
 39989 | Zot:5    | Killed an orb of fire
 39998 | Zot:5    | Gained mutation: You are frail. (-10% HP) [an orb of fire]
 40003 | Zot:5    | Gained mutation: You are weak. (Str -2) [an orb of fire]
 40009 | Zot:5    | Killed an orb of fire
 40011 | Zot:5    | Killed an ancient lich
 40226 | Zot:2    | Found a glowing silver altar of Zin.
 40281 | Zot:2    | Noticed Rinlabet the pandemonium lord
 40294 | Zot:2    | Killed Rinlabet the pandemonium lord
 40328 | Zot:2    | Noticed an orb of fire
 40331 | Zot:2    | Killed an orb of fire
 40346 | Zot:2    | Noticed Boiracel the pandemonium lord
 40350 | Zot:2    | Killed Boiracel the pandemonium lord
 40577 | D:14     | Noticed a seraph
 40749 | D:7      | Noticed an ancient lich
 40750 | D:7      | Noticed Wopsaemu the pandemonium lord
 40861 | D:1      | Noticed Zeapsoh the pandemonium lord
 40864 | D:1      | Killed Zeapsoh the pandemonium lord
 40868 | D:1      | Noticed Ifytt the pandemonium lord
 40902 | D:1      | Killed Ifytt the pandemonium lord
 40921 | D:$      | Escaped with the Orb!

Illustrated notes

Levels and vault maps discovered:
D:1:      scummos_arrival_forest, layout_basic, minmay_unequal
D:2:      layout_loops_ring, basic_altar, st_stairs_4
D:3:      layout_loops_ring, lemuel_round_altar, kennysheep_potato, uniq_robin
D:4:      layout_layer_cave, ebering_ghost_sewer_d, uniq_ijyb
D:5:      corexii_shantytown, layout_basic, st_stairs_1, grunt_decor_arrowhead,
          minmay_misc_feat_plants
D:6:      layout_rooms, minmay_temple_entry_ruins, serial_co_window_serial,
          co_window_of_opportunity_a, co_window_corner_a, co_window_paths_a,
          co_window_paths_a, co_window_paths_a, co_window_corner_a,
          co_window_corner_a, co_window_paths_b, co_window_of_opportunity_a,
          co_window_broadway_a, co_window_corner_b, co_window_2corner,
          co_window_unsneaky_path_d, co_window_of_opportunity_b,
          glass_columns_b, serial_shops, shop, kennysheep_generic_room_4
D:7:      minmay_flawed_box, layout_cave_pools, mainiacjoe_overflow_alcove_1,
          mainiacjoe_overflow_alcove_4, enter_bailey_3, uniq_menkaure
D:8:      nzn_winding_woodlands_stair_cross [nzn_winding_woodlands_5x15_garden,
          nzn_winding_woodlands_center_triple_pond,
          nzn_winding_woodlands_5x15_pockets,
          nzn_winding_woodlands_5x5_open_star, nzn_winding_woodlands_5x5_three,
          nzn_winding_woodlands_5x15_lazy_stream,
          nzn_winding_woodlands_center_pierced_h,
          nzn_winding_woodlands_5x15_eye], layout_rooms,
          chequers_temple_overflow_statue_of_worship, enter_ossuary_5
D:9:      layout_cave_pods, orc_0_dummy, serial_shops,
          nicolae_shop_gibbet_a_chance, chequers_serial_rivers_micro_a,
          minivault_5, nicolae_figureground_sparkle
D:10:     layout_layer_cave, nicolae_dithmenos_the_darkroom,
          nicolae_eternal_life
D:11:     layout_cave_pools, erik_lair_orcish_takeover,
          kennysheep_generic_room_5
D:12:     giant_chief_lemuel, layout_long_grid, uniq_kirke
D:13:     nicolae_aperiodic_l_corner, layout_loops_ring,
          skrybe_vaults_entry_preservation, serial_aquarium,
          aquarium_bridge_square [aquarium_subvault_wall,
          aquarium_subvault_window, aquarium_subvault_wall,
          aquarium_subvault_bridge], aquarium_bridge_long_joined
          [aquarium_subvault_balcony, aquarium_subvault_wall,
          aquarium_subvault_bridge, aquarium_subvault_bridge,
          aquarium_subvault_bridge, aquarium_subvault_window],
          aquarium_window_corridor_2, aquarium_window_corner, aquarium_view_2g,
          aquarium_view_2a, aquarium_balcony_1b, aquarium_pool_1, serial_shops,
          shop, nicolae_ru_path_of_blood, uniq_urug, uniq_azrael, uniq_erolcha
D:14:     layout_long_grid, gauntlet_entry_generic
D:15:     grunt_enter_depths_magical_seal, layout_basic,
          portal_ice_cave_entry_dragon, nicolae_diode_basic
Temple:   lightli_temple_of_artemis
Lair:1:   layout_chaotic_city, serial_bayou_pond_d, lemuel_fruit_tree
Lair:2:   wander_river, layout_long_grid, elwin_shoals_entry_rooms,
          nicolae_volcano_entry_lava_flow
Lair:3:   layout_cave_pods, nicolae_spider_entry_orb_guardian,
          maelrawn_ghost_gauntlet_escape, nicolae_lair_lil_pond,
          serial_bayou_pond_c, worms_lemuel
Lair:4:   layout_gridlike, minmay_slime_entry_oklob_enclosed
Lair:5:   evil_forest, layout_gridlike, tgw_fedhas, infiniplex_staircase_pool_2,
          serial_bayou_shore_b, serial_bayou_shore_b
Shoals:1: layout_shoals, nicolae_shoals_spectral_cove
Shoals:2: layout_shoals, nicolae_shop_clearance
Shoals:3: layout_shoals, serial_shops, shop, nicolae_shoals_lost_giant_temple,
          nicolae_shoals_isolated_beach
Shoals:4: shoals_end_hellmonk_storm_palace [storm_palace_center_circular,
          storm_palace_corner_reverse_hut, storm_palace_corner_reverse_hut,
          storm_palace_corner_altar, storm_palace_corner_blocked],
          uniq_polyphemus, uniq_aizul
Spider:1: layout_spider_delve
Spider:2: layout_chambers, drop_trap, nicolae_spider_shape
Spider:3: layout_spider_delve, einodemon_crawler_minivault, uniq_louise,
          uniq_arachne
Spider:4: guppyfry_spider_rune
Slime:1:  layout_caves, nicolae_slime_barrier
Slime:2:  layout_caves
Slime:3:  layout_caves, nicolae_slime_getting_an_eyeful
Slime:4:  layout_caves
Slime:5
Orc:1:    layout_diamond_mine, serial_shops, nicolae_shop_crystal, basic_altar
Orc:2:    st_orc_ogre_mass, layout_caves, basic_altar,
          ebering_ghost_reflecting_pool
Elf:1:    elf_arrival_001, layout_onion_city, kennysheep_underground_church,
          st_stairs_11
Elf:2:    nicolae_elf_blades_crystal_corner, layout_loops_cross, serial_shops,
          shop, minmay_shoptagon
Elf:3:    minmay_elf_hall_x, layout_loops_corners, serial_shops,
          bzr_in_the_mist, basic_altar, uniq_asterion
Vaults:1: vaults_standard_mumra_x, vaults_room_pools,
          nicolae_vaults_closet_pinwheel_3, vaults_dpeg_diagonal, v_misc_9,
          hangedman_vaults_nodes, nicolae_vaults_ring_of_whatevers,
          nicolae_vaults_prndl, nicolae_vaults_asterisk, v_misc_29,
          layout_vaults_big_room, serial_shops,
          nicolae_shop_bloodbath_and_beyond
Vaults:2: vaults_dpeg_encased_lava, v_misc_29, special_room_vaults
          [special_room_orc], nicolae_vaults_sesquioval_fish,
          nicolae_vaults_little_squares_4, v_misc_4, vaults_dpeg_hooks,
          nicolae_vaults_trapezoid_3, nicolae_vaults_yaktaur_gun_rack,
          hangedman_vaults_maws, layout_vaults_omnigrid,
          minmay_crypt_entry_skeletal_spiral
Vaults:3: v_misc_10, nicolae_vaults_circle_grid_a, hangedman_vaults_unwind,
          nicolae_vaults_apartment_2, nicolae_vaults_swerve,
          vaults_room_stairs_pillars, vaults_mumra_bighexcomb,
          nicolae_vaults_closet_pinwheel_4, vaults_room_fancy_cross,
          vaults_mumra_hexcomb, nicolae_vaults_house_1,
          nicolae_vaults_tetromino_T_1, nicolae_vaults_apartment_1,
          layout_vaults_ring, serial_shops, shop
Vaults:4: nicolae_vaults_sesquioval_fish, vaults_dpeg_spiral,
          nicolae_vaults_puzzle_piece, v_misc_30, v_misc_25,
          nicolae_vaults_diffraction_hallways, vaults_room_fours, v_misc_18,
          nicolae_vaults_triangles, nicolae_vaults_offset_grid_hallway_3,
          nicolae_vaults_ring_of_whatevers, v_alt_pattern_4,
          nicolae_vaults_trapezoid_lopsided_1, nicolae_vaults_gold_heap,
          nicolae_vaults_variable_pillar_hall, layout_vaults_maze_snakey,
          nicolae_trove_entry_diagonal
Vaults:5: uniq_xtahua
Crypt:1:  layout_misc_corridors, grunt_crypt_arrival_split, uniq_bai_suzhen,
          uniq_vv
Crypt:2:  layout_misc_corridors, minmay_strange_pillars, grunt_ministairs_15,
          lemuel_statue_altar, uniq_margery
Crypt:3:  quadcrypt_mu
Tomb:1
Tomb:2
Tomb:3
Depths:1: layout_big_octagon, enter_ziggurat_c, minmay_misc_feat_tower,
          pf_coc_iceberg, hangedman_decor_push, kennysheep_generic_room_6,
          uniq_nikola, uniq_saint_roka
Depths:2: minmay_connected_triangles_in_corner, layout_cave_pools, pan_entry,
          grunt_hell_entry_dis_old, infiniplex_staircase_diamond
Depths:3: minmay_tri_box, layout_gridlike, serial_shops, bzr_entry_lakeside,
          abyss_entry, nemelex_lonely_heart_becter, hell_entry
Depths:4: grunt_zot_entry_tricorne, layout_long_grid, hangedman_geh_valley,
          chequers_serial_rivers_micro_a, abyss_entry_small_statue_room,
          nicolae_wu_jian_immortal_techniques, serial_bayou_shore_b,
          minmay_shop_grove, uniq_frederick, uniq_josephina
Hell
Dis:1:    layout_gridville
Dis:2:    layout_overlapping_boxes, nicolae_dis_metal_dragon_surprise
Dis:3:    layout_regular_city
Dis:4:    layout_subdivisions
Dis:5:    layout_regular_city
Dis:6:    layout_subdivisions, nicolae_dis_metal_lava_thing
Dis:7:    dis_hangedman
Geh:1:    nicolae_hells_demon_pit, layout_gehenna_pools_triple,
          nicolae_hells_seeping_fissure
Geh:2:    layout_gehenna_lava_caves, lemuel_old_faithful
Geh:3:    layout_gehenna_lava_caves
Geh:4:    layout_gehenna_lava_caves
Geh:5:    layout_gehenna_lava_caves
Geh:6:    layout_gehenna_lava_caves
Geh:7:    evilmike_geh
Coc:1:    layout_ice_bergs
Coc:2:    layout_ice_bergs
Coc:3:    layout_cocytus_water_paths
Coc:4:    layout_ice_bergs
Coc:5:    layout_cocytus_delve
Coc:6:    layout_cocytus_delve
Coc:7:    coc_old
Tar:1:    nicolae_tar_funeral_procession, layout_cathedral_of_symmetry
Tar:2:    layout_grid_maze
Tar:3:    layout_grid_maze, nicolae_tar_stay_or_leave
Tar:4:    nicolae_tar_fractal_crypt, layout_cathedral_of_symmetry
Tar:5:    layout_grid_maze
Tar:6:    layout_grid_maze
Tar:7:    tar_old
Zot:1:    layout_misc_corridors
Zot:2:    nicolae_zot_draconian_monastery, layout_basic, evilmike_ambush
          [evilmike_ambush_outer_pillars, evilmike_ambush_inner_basic]
Zot:3:    layout_concentric_octagons
Zot:4:    layout_cathedral_of_symmetry, st_large_dragon_hoard_2, uniq_grunn
Zot:5:    layout_onion, st_stairs_13

Skill      XL: |  1  2  3  4  5  6  7  8  9 10 11 12 13 14 15 16 17 18 19 20 21 22 23 24 25 26 27 |
---------------+----------------------------------------------------------------------------------+-----
Fighting       | 2 3 4 5 6 8 9 11 12 13 14 15 16 17 18 19 27 | 27.0
Stealth        | 1 2 3 4 6 8 9 11 12 14 15 17 18 19 20 | 20.0
Short Blades   | 3 4 5 6 7 8 9 10 11 12 | 12.0
Dodging        | 2 3 4 5 6 7 8 9 10 11 12 13 15 25 | 25.1
Long Blades    | 3 6 8 9 11 | 11.9
Transmutations | 3 5 8 11 13 15 16 19 21 | 21.0
Spellcasting   | 4 5 8 12 15 16 17 | 17.0
Necromancy     | 5 9 12 14 17 21 | 21.0
Armour         | 2 3 15 | 15.0
Shields        | 5 13 | 13.8
Conjurations   | |  3.0

Action                     |  1- 3 |  4- 6 |  7- 9 | 10-12 | 13-15 | 16-18 | 19-21 | 22-24 | 25-27 || total
---------------------------+-------+-------+-------+-------+-------+-------+-------+-------+-------++-------
  Melee: Short sword       |   108 |     5 |       |       |       |       |       |       |       ||   113
         Bite              |    35 |    52 |   122 |   290 |   711 |   729 |   682 |   807 |  3188 ||  6616
         Punch             |     1 |     3 |     2 |       |       |       |       |       |       ||     6
         Rapier            |       |   198 |   132 |   135 |       |    45 |   150 |   234 |   104 ||   998
         Dagger            |       |       |   242 |   603 |  1692 |  1439 |       |       |       ||  3976
         Demon blade       |       |       |       |       |   171 |   316 |  1259 |    53 |       ||  1799
         Katana            |       |       |       |       |       |       |   124 |  1832 |  8360 || 10316
         Kick              |       |       |       |       |       |       |       |     4 |       ||     4
         Quick blade       |       |       |       |       |       |       |       |       |    50 ||    50
  Throw: Dart              |       |     2 |    32 |       |       |       |     1 |     1 |       ||    36
         Throwing net      |       |       |     1 |     3 |       |       |     3 |     1 |     4 ||    12
   Cast: Wereblood         |       |       |       |       |       |     1 |    20 |    24 |    64 ||   109
         Necromutation     |       |       |       |       |       |       |       |       |    23 ||    23
 Invoke: Serpent's Lash    |       |       |       |     2 |     8 |    10 |     8 |    14 |    48 ||    90
         Heavenly Storm    |       |       |       |     1 |     3 |     5 |     4 |     8 |    20 ||    41
Ability: Whirlwind         |       |       |    31 |   204 |   952 |   893 |   864 |  1035 |  3978 ||  7957
         Lunge             |       |       |    16 |    34 |    74 |   103 |   102 |   105 |   360 ||   794
         Wall Jump         |       |       |       |     1 |     1 |     3 |       |       |     2 ||     7
         End Transformatio |       |       |       |       |       |       |       |       |     2 ||     2
         Evoke Blink       |       |       |       |       |       |       |       |       |     2 ||     2
  Evoke: Wand              |       |     4 |    21 |    18 |       |     7 |     9 |     2 |    17 ||    78
         Box of beasts     |       |       |       |       |       |     1 |     1 |       |       ||     2
    Use: Scroll            |     5 |     6 |     7 |     8 |    12 |     9 |     8 |     6 |    21 ||    82
         Potion            |       |     1 |       |     7 |     5 |     5 |     3 |    10 |    19 ||    50
   Stab: Sleeping          |     2 |    10 |    11 |    14 |    47 |    38 |    32 |     4 |    49 ||   207
         Held in net/web   |       |       |     2 |     3 |       |       |     2 |     3 |     5 ||    15
         Betrayed ally     |       |       |     1 |       |       |       |       |       |       ||     1
         Distracted        |       |       |       |     5 |     6 |     7 |     3 |     9 |     7 ||    37
         Invisible         |       |       |       |       |       |    10 |       |       |    13 ||    23
 Armour: Leather armour    |    23 |    42 |    52 |    42 |       |       |       |       |       ||   159
         Steam dragon scal |       |       |       |    35 |     4 |       |       |       |       ||    39
         Troll leather arm |       |       |       |       |   233 |   218 |    89 |   161 |   632 ||  1333
         Ring mail         |       |       |       |       |     2 |       |       |       |       ||     2
  Dodge: Dodged            |    61 |   104 |   213 |   250 |   672 |  1125 |   740 |  1169 |  3941 ||  8275
  Block: Buckler           |       |       |    28 |   141 |   439 |   533 |   251 |   155 |       ||  1547
         Reflection        |       |       |       |     4 |     3 |    31 |     9 |       |       ||    47
         Kite shield       |       |       |       |       |       |       |       |   254 |  2652 ||  2906

Table legend: (Time is in decaauts)
 A = Elapsed time spent in this place.
 B = Non-inter-level travel time spent in this place.
 C = Inter-level travel time spent in this place.
 D = Time resting spent in this place.
 E = Time spent auto-exploring this place.
 F = Levels seen in this place.
 G = Mean time per level.
                   A        B        C        D        E       F      G
               +--------+--------+--------+--------+--------+-----+--------+
         Total |  40867 |  37387 |   3480 |    285 |  14694 | 112 |  364.9 |
       Dungeon |  12356 |  10855 |   1501 |    159 |   7478 |  15 |  823.7 |
        Temple |     50 |     25 |     25 |      0 |      0 |   1 |   50.0 |
          Lair |   4942 |   4346 |    596 |      0 |   3107 |   5 |  988.4 |
        Shoals |    875 |    875 |      0 |      0 |     24 |   4 |  218.8 |
   Spider Nest |   1796 |   1728 |     68 |      0 |    604 |   4 |  449.0 |
    Slime Pits |    394 |    343 |     51 |      0 |      0 |   5 |   78.8 |
  Orcish Mines |   1104 |    891 |    213 |     52 |    445 |   2 |  552.0 |
   Elven Halls |   1965 |   1835 |    130 |      0 |    862 |   3 |  655.0 |
        Vaults |   3050 |   2681 |    369 |      0 |   1149 |   5 |  610.0 |
         Crypt |    610 |    409 |    201 |      0 |     20 |   3 |  203.3 |
          Tomb |   1211 |   1211 |      0 |      0 |     17 |   3 |  403.7 |
        Depths |   1652 |   1362 |    290 |      0 |    238 |   4 |  413.0 |
          Hell |    334 |    302 |     32 |      0 |      0 |   1 |  334.0 |
           Dis |    936 |    936 |      0 |      0 |      0 |   7 |  133.7 |
       Gehenna |   1274 |   1274 |      0 |      0 |     42 |   7 |  182.0 |
       Cocytus |    981 |    981 |      0 |      0 |    136 |   7 |  140.1 |
      Tartarus |   1714 |   1714 |      0 |      4 |      0 |   7 |  244.9 |
           Zot |   1062 |   1062 |      0 |      0 |     75 |   5 |  212.4 |
         Abyss |    327 |    327 |      0 |      0 |     30 |   2 |  163.5 |
   Pandemonium |   2858 |   2858 |      0 |      0 |    316 |  18 |  158.8 |
       Ossuary |    351 |    351 |      0 |      0 |     99 |   1 |  351.0 |
        Bailey |    574 |    574 |      0 |     70 |     14 |   1 |  574.0 |
       Volcano |    187 |    187 |      0 |      0 |     36 |   1 |  187.0 |
      Gauntlet |    252 |    252 |      0 |      0 |      0 |   1 |  252.0 |
               +--------+--------+--------+--------+--------+-----+--------+

Top non-repeatable levels by time:
     D:4: 1390 daAuts
     D:5: 1297 daAuts
   Elf:3: 1188 daAuts
  Lair:5: 1156 daAuts
  Lair:2: 1099 daAuts
Vaults:2: 1080 daAuts
     D:6: 1074 daAuts
  Lair:3: 1068 daAuts
     D:9: 935 daAuts
    D:10: 926 daAuts
Vaults:5: 896 daAuts
     D:8: 889 daAuts
     D:1: 865 daAuts
   Tar:7: 855 daAuts
     D:2: 838 daAuts
